 Dungeon Crawl Stone Soup version 0.31.0-11-ge490571c62 (webtiles) character file.

Game seed: 16023483822711969836

1404 qw the Skirmisher (level 8, -4/46 HPs)
             Began as a Deep Elf Hunter on Feb 4, 2024.
             Slain by an iguana (5 damage)
             ... on level 6 of the Dungeon.
             The game lasted 00:00:28 (4971 turns).

qw the Skirmisher (Deep Elf Hunter)                 Turns: 4971, Time: 00:00:29

Health: -4/46      AC: 10    Str: 10    XL:     8   Next: 42%
Magic:  10/10      EV: 12    Int: 15    God:
Gold:   227        SH:  0    Dex: 18    Spells: 7/7 levels left

rFire   . . .        a - +3 shortbow
rCold   . . .        (shield currently unavailable)
rNeg    . . .        f - +5 ring mail "Tuzu Toc" {SInv}
rPois   +            (no helmet)
rElec   .            (no cloak)
rCorr   .            (no gloves)
SInv    +            (no boots)
Will    .....        i - amulet of the acrobat
Stlth   +            k - ring of poison resistance
HPRegen 0.27/turn    (no ring)
MPRegen 0.12/turn

%: acrobat
@: marked
A: hooves 1, wild magic 1
a: no special abilities


You were on level 6 of the Dungeon.
You visited 2 branches of the dungeon, and saw 7 of its levels.
You also visited: Sewer.

You collected 227 gold pieces.


Innate Abilities, Weirdness & Mutations

You have large cloven feet.
Your spells are a little harder to cast, but a little more powerful.


   Skills:
 - Level 3.1 Fighting
 + Level 12.2 Ranged Weapons
 - Level 2.0 Armour
 - Level 5.3 Dodging
 - Level 1.2 Stealth


You had 7 spell levels left.
You didn't know any spells.
Your spell library was empty.

Inventory:

Hand Weapons
 a - a +3 shortbow (weapon)
Armour
 f - the +5 ring mail "Tuzu Toc" (worn) {SInv}
   (You found it on level 3 of the Dungeon)

   SInv:      It lets you see invisible.
Jewellery
 i - an amulet of the acrobat (around neck)
 k - a ring of poison resistance (left hand)
 m - a ring of fire
Wands
 b - a wand of charming (17)
 d - a wand of mindburst (8)
Potions
 c - a potion of might
 e - a potion of curing
 l - a potion of mutation
 o - a potion of heal wounds {unknown}

Dungeon Overview and Level Annotations

Branches:
Dungeon (6/15)             Temple (1/1) D:5           Sewer (visited)

Altars:
Ashenzari
Cheibriados
Elyvilon
Gozag
Hepliaklqana
Nemelex Xobeh
Ru
Sif Muna
Trog
Uskayaw
Yredelemnul
Zin

Annotations:
D:4 3 runed translucent doors, qw's ghost, amateur DEHu


Message History

The ufetubus hits you but does no damage.
The ufetubus barely misses you.
You shoot an arrow. The arrow hits the scorpion.
The scorpion is severely wounded.
The iguana hisses menacingly.
The ufetubus misses you.
The ufetubus hits you but does no damage.
The orc hits you but does no damage. The ufetubus misses you. x2
The bullfrog completely misses you. The ufetubus barely misses you.
The ufetubus hits you but does no damage.
The scorpion stings you but does no damage.
You shoot an arrow. The arrow hits the scorpion!
You kill the scorpion!
The ufetubus completely misses you. The ufetubus barely misses you.
The ufetubus hits you but does no damage.
The ufetubus closely misses you. x2; The ufetubus barely misses you.
The bullfrog misses you. The orc barely misses you.
The ufetubus barely misses you.
The ufetubus hits you but does no damage.
You shoot an arrow. The arrow hits the bullfrog!
The bullfrog is moderately wounded.
The bullfrog barely misses you. The ufetubus misses you.
The ufetubus hits you but does no damage.
The ufetubus closely misses you. The ufetubus misses you.
The iguana barely misses you. The ufetubus closely misses you.
The ufetubus hits you but does no damage.
The orc barely misses you. The ufetubus hits you. The ufetubus misses you.
The bullfrog closely misses you.
The ufetubus hits you but does no damage.
The ufetubus misses you.
You shoot an arrow. The arrow barely misses the bullfrog.
The arrow hits the orc!
You kill the orc!
The ufetubus closely misses you.
The ufetubus hits you but does no damage.
The ufetubus misses you. The ufetubus barely misses you. The ufetubus hits you.
The ufetubus hits you but does no damage.
The bullfrog hits you but does no damage.
The iguana bites you.
You die...

#.............##.#..+
..............#.#### ..
#.............#.# ...
#.............#.## .l..
#......5.#.......#
....####........#.......+
.......o#..)..###.......#
..........lF5...........#.#
.........W5@5...........#.##
..........o##..............#
####....#####..............#
##.... #....##.........
#..... #....##.........
#...... #....##.........
+.......#...............
#...######..............
#..## #..............


You could see a phantom, a bullfrog, an iguana, a shadow imp, 3 ufetubi and 2
orcs.

Vanquished Creatures
  Prince Ribbit (D:6)
  A steam dragon (D:4)
  A water moccasin (D:5)
  A sky beast (D:6)
  2 brain worms (Sewer)
  A kobold brigand (Sewer)
  A scorpion (D:6)
  4 hounds
  A gnoll bouda (D:5)
  A jelly (D:5)
  2 iguanas
  A sleepcap (D:5)
  Natasha (twice) (D:3)
  13 gnolls
  4 river rats (Sewer)
  11 adders
  A white imp (D:6)
  A ribbon worm (D:3)
  7 orcs
  4 endoplasms
  4 giant cockroaches
  6 goblins
  8 hobgoblins
  2 jackals (Sewer)
  8 kobolds
  3 quokkas
  5 ball pythons
  3 bats
  3 frilled lizards
  2 rats
104 creatures vanquished.

Notes
Turn   | Place    | Note
-------+----------+-------------------------------------------
     0 | D:1      | qw the Deep Elf Hunter began the quest for the Orb.
     0 | D:1      | Reached XP level 1. HP: 12/12 MP: 3/3
     0 | D:1      | 0 ||| qw: Version: 0.3-a-160-g6735b56
     0 | D:1      | 0 ||| qw: Game counter: 4619
     0 | D:1      | 0 ||| qw: Melee chars always use a shield: true
     0 | D:1      | 0 ||| qw: God list: Okawaru
     0 | D:1      | 0 ||| qw: Allow faded altars: false
     0 | D:1      | 0 ||| qw: Do Orc after clearing Dungeon:15 true
     0 | D:1      | 0 ||| qw: Do second Lair branch before Depths: true
     0 | D:1      | 0 ||| qw: Lair rune preference: random
     0 | D:1      | 0 ||| qw: Goals: Normal
     0 | D:1      | 0 ||| PLANNING D:1-11
   209 | D:1      | Reached XP level 2. HP: 16/16 MP: 4/4
   301 | D:1      | Found a faded altar of an unknown god.
   549 | D:1      | 549 ||| UPGRADING to amulet of the acrobat.
   554 | D:1      | 554 ||| READING 3 scrolls labelled NYPNOTT OH HAGH.
   554 | D:1      | 554 ||| ENCHANTING +0 shortbow.
   555 | D:1      | 555 ||| READING 2 scrolls of enchant weapon.
   555 | D:1      | 555 ||| ENCHANTING +1 shortbow.
   556 | D:1      | 556 ||| READING scroll of enchant weapon.
   556 | D:1      | 556 ||| ENCHANTING +2 shortbow.
   557 | D:1      | 557 ||| READING scroll labelled DIARUE DASOUSH.
   558 | D:1      | 558 ||| READING scroll labelled ULIUQO GILET.
   559 | D:1      | 559 ||| READING scroll labelled LUUSEXTULOSCH.
   564 | D:1      | 564 ||| READING scroll labelled ICRAUXU TANEUG.
   565 | D:1      | 565 ||| DRINKING 2 fuming black potions.
   670 | D:1      | 670 ||| DROPPING scroll of butterflies.
   671 | D:1      | 671 ||| DROPPING potion of berserk rage.
   776 | D:2      | Reached skill level 6 in Ranged Weapons
  1126 | D:2      | Reached XP level 3. HP: 20/20 MP: 5/5
  1250 | D:2      | 1250 ||| READING scroll labelled AGIEXIRRAGOR.
  1272 | D:3      | 1272 ||| PLANNING SEWER
  1296 | D:3      | Found a glowing drain.
  1309 | Sewer    | Entered a sewer
  1335 | Sewer    | HP: 5/20 [river rat (6)]
  1336 | Sewer    | 1336 ||| READING scroll of teleportation.
  1336 | Sewer    | HP: 1/20 [river rat (5)]
  1342 | Sewer    | Reached skill level 7 in Ranged Weapons
  1503 | Sewer    | Noticed a kobold brigand
  1514 | Sewer    | Killed a kobold brigand
  1515 | Sewer    | Reached skill level 8 in Ranged Weapons
  1515 | Sewer    | Reached XP level 4. HP: 16/25 MP: 6/6
  1566 | Sewer    | Reached XP level 5. HP: 24/29 MP: 7/7
  1783 | Sewer    | Reached skill level 9 in Ranged Weapons
  1923 | Sewer    | Reached skill level 3 in Dodging
  1923 | Sewer    | Reached XP level 6. HP: 34/34 MP: 8/8
  2154 | Sewer    | 2154 ||| READING scroll labelled NYLUGE HULOA.
  2155 | Sewer    | 2155 ||| DRINKING 2 viscous white potions.
  2155 | Sewer    | Gained mutation: You have large cloven feet. [potion of
                  | mutation]
  2155 | Sewer    | Gained mutation: Your spells are a little harder to cast,
                  | but a little more powerful. [potion of mutation]
  2201 | D:3      | 2201 ||| PLANNING D:1-11
  2286 | D:3      | Identified the +5 ring mail "Tuzu Toc" {SInv}
  2646 | D:3      | Noticed Natasha
  2648 | D:3      | 2648 ||| FLEEEEING.
  2649 | D:3      | 2649 ||| FLEEEEING.
  2654 | D:3      | 2654 ||| RETREEEEATING.
  2655 | D:3      | 2655 ||| RETREEEEATING.
  2658 | D:3      | 2658 ||| RETREEEEATING.
  2662 | D:3      | Killed Natasha
  3001 | D:3      | Noticed Natasha
  3003 | D:3      | 3003 ||| FLEEEEING.
  3004 | D:3      | 3004 ||| FLEEEEING.
  3005 | D:3      | 3005 ||| FLEEEEING.
  3006 | D:3      | 3006 ||| FLEEEEING.
  3007 | D:3      | 3007 ||| FLEEEEING.
  3008 | D:3      | 3008 ||| FLEEEEING.
  3009 | D:3      | 3009 ||| FLEEEEING.
  3010 | D:3      | 3010 ||| FLEEEEING.
  3011 | D:3      | 3011 ||| FLEEEEING.
  3012 | D:3      | 3012 ||| FLEEEEING.
  3013 | D:3      | 3013 ||| FLEEEEING.
  3014 | D:3      | 3014 ||| FLEEEEING.
  3015 | D:3      | 3015 ||| FLEEEEING.
  3016 | D:3      | 3016 ||| FLEEEEING.
  3017 | D:3      | 3017 ||| FLEEEEING.
  3018 | D:3      | 3018 ||| FLEEEEING.
  3039 | D:3      | Killed Natasha
  3109 | D:3      | Found a shimmering blue altar of Sif Muna.
  3163 | D:3      | 3163 ||| UPGRADING to +5 ring mail "Tuzu Toc" {SInv}.
  3173 | D:3      | 3173 ||| DROPPING +0 leather armour.
  3174 | D:3      | 3174 ||| READING scroll labelled FUMOOK HOARA.
  3373 | D:4      | 3373 ||| FLEEEEING.
  3379 | D:4      | 3379 ||| DRINKING grey potion.
  3380 | D:4      | 3380 ||| DRINKING blue potion.
  3381 | D:4      | 3381 ||| DRINKING glowing pink potion.
  3387 | D:4      | Reached skill level 10 in Ranged Weapons
  3455 | D:4      | Reached XP level 7. HP: 33/40 MP: 9/9
  3881 | D:4      | Found a runed translucent gate.
  3881 | D:4      | Found a runed translucent gate.
  3881 | D:4      | Found a runed translucent gate.
  3881 | D:4      | Noticed qw's ghost (amateur DEHu)
  3942 | D:4      | Found an opulent altar of Gozag.
  4166 | D:4      | 4166 ||| READING scroll labelled BEFUUN YNOU.
  4166 | D:4      | 4166 ||| IDENTIFYING fuming ruby potion
  4196 | D:5      | Entered Level 5 of the Dungeon
  4242 | D:5      | Noticed a steam dragon
  4252 | D:5      | 4252 ||| STAIRDANCE
  4255 | D:4      | Killed a steam dragon
  4256 | D:4      | Reached skill level 11 in Ranged Weapons
  4490 | D:5      | Reached skill level 12 in Ranged Weapons
  4490 | D:5      | Found a staircase to the Ecumenical Temple.
  4491 | D:5      | 4491 ||| PLANNING TEMPLE
  4514 | Temple   | Entered the Ecumenical Temple
  4515 | Temple   | 4515 ||| PLANNING D:1-11
  4590 | D:5      | Reached XP level 8. HP: 44/44 MP: 10/10
  4718 | D:5      | Found a hazy altar of Hepliaklqana.
  4869 | D:5      | 4869 ||| UPGRADING to ring of poison resistance.
  4870 | D:5      | 4870 ||| READING 2 scrolls of identify.
  4870 | D:5      | 4870 ||| IDENTIFYING glowing golden potion
  4871 | D:5      | 4871 ||| READING scroll of identify.
  4871 | D:5      | 4871 ||| IDENTIFYING white potion
  4872 | D:5      | 4872 ||| READING scroll labelled GOIGIARCHAKK.
  4873 | D:5      | 4873 ||| READING scroll labelled CIEGEX LURUEH.
  4874 | D:5      | 4874 ||| DROPPING potion of degeneration.
  4951 | D:6      | Reached skill level 3 in Fighting
  4957 | D:6      | Noticed Prince Ribbit
  4958 | D:6      | 4958 ||| RETREEEEATING.
  4959 | D:6      | 4959 ||| RETREEEEATING.
  4960 | D:6      | 4960 ||| RETREEEEATING.
  4961 | D:6      | 4961 ||| RETREEEEATING.
  4962 | D:6      | 4962 ||| RETREEEEATING.
  4963 | D:6      | 4963 ||| ZAPPING wand of mindburst (11) at 1,0 (Prince
                  | Ribbit; floor).
  4964 | D:6      | 4964 ||| ZAPPING wand of mindburst (10) at 1,0 (Prince
                  | Ribbit; floor).
  4965 | D:6      | 4965 ||| ZAPPING wand of mindburst (9) at 1,0 (Prince
                  | Ribbit; floor).
  4965 | D:6      | Killed Prince Ribbit
  4965 | D:6      | HP: 11/46 [ufetubus (4)]
  4966 | D:6      | HP: 5/46 [ufetubus (2)]
  4971 | D:6      | HP: 1/46 [ufetubus (3)]
  4971 | D:6      | Slain by an iguana

Levels and vault maps discovered:
D:1:      kennysheep_arrival_seaside, layout_rooms,
          shapermc_ecumenical_altar_ellora, chequers_garden
D:2:      layout_loops_ring, minmay_misc_feat_hallway, grunt_ministairs_15
D:3:      layout_basic, lemuel_blue_sif_altar, cheibrodos_sewer_entry_drain,
          nicolae_titane, uniq_natasha
D:4:      layout_basic, lemuel_doored_altar, gammafunk_ghost_nasty_kobolds,
          small_statue_alley_b, corexii_shack, dreamdust_gnoll_farm
D:5:      layout_rooms, mainiacjoe_overflow_alcove_4, minmay_temple_entry_trees
D:6:      layout_basic, mainiacjoe_overflow_chevrons,
          gammafunk_temple_overflow_statue, kennysheep_flooded_box, st_stairs_9,
          uniq_prince_ribbit1
Temple:   nicolae_temple_cloud_nine

Skill      XL: |  1  2  3  4  5  6  7  8 |
---------------+-------------------------+-----
Ranged Weapons | 6 8 9 10 12 | 12.2
Dodging        | 3 5 |  5.3
Fighting       | 2 3 |  3.1
Armour         | 2 |  2.0
Stealth        | |  1.2

Action                     |  1- 3 |  4- 6 |  7- 9 || total
---------------------------+-------+-------+-------++-------
   Fire: Shortbow          |    67 |   165 |   133 ||   365
  Evoke: Wand              |       |       |     3 ||     3
    Use: Scroll            |     9 |     2 |     5 ||    16
         Potion            |     1 |     4 |       ||     5
 Armour: Leather armour    |    14 |    38 |       ||    52
         Ring mail         |       |     9 |    84 ||    93
  Dodge: Dodged            |    11 |    39 |    84 ||   134

Table legend:
 A = Non-vault XP
 B = Vault XP
 C = Vault XP percentage of total XP
 D = Non-vault monster count
 E = Vault monster count
 F = Vault count percentage of total count
                 A         B        C        D         E       F
            +---------+---------+-------+---------+---------+-------
      Total |    1173 |     837 |  41.6 |      73 |      31 |  29.8
            +---------+---------+-------+---------+---------+-------
        D:1 |      12 |       0 |   0.0 |       7 |       0 |   0.0
        D:2 |      28 |       2 |   6.7 |       4 |       2 |  33.3
        D:3 |     128 |      42 |  24.7 |      25 |       4 |  13.8
        D:4 |     260 |     146 |  36.0 |      12 |       7 |  36.8
        D:5 |     512 |       0 |   0.0 |      21 |       0 |   0.0
        D:6 |     233 |     255 |  52.3 |       4 |       1 |  20.0
      Sewer |       0 |     392 | 100.0 |       0 |      17 | 100.0
            +---------+---------+-------+---------+---------+-------
